 Dungeon Crawl Stone Soup version 0.27-a0-287-gd4424db430 (webtiles) character file.

Game seed: 17444087169698023545

32 runemasterragnar the Sneak (level 3, 0/33 HPs)
             Began as a Draconian Delver on Feb 9, 2021.
             Slain by an orc wizard
             ... wielding a +0 dagger
              (7 damage)
             ... on level 5 of the Dungeon.
             The game lasted 00:00:52 (256 turns).

runemasterragnar the Sneak (Draconian Delver)        Turns: 256, Time: 00:00:53

Health: 0/33       AC:  5    Str: 14    XL:     3   Next: 8%
Magic:  3/3        EV: 12    Int: 11    God:
Gold:   0          SH:  0    Dex: 12    Spells: 2/2 levels left

rFire    . . .     SeeInvis .     - Unarmed
rCold    . . .     Faith    .   (no shield)
rNeg     . . .     Spirit   .   (armour unavailable)
rPois    .         Reflect  .   (helmet restricted)
rElec    .         Harm     .   (no cloak)
rCorr    .         Rampage  .   (no gloves)
Will     .....                  (no boots)
Stlth    +.........             (no amulet)
HPRegen  0.11/turn              (no ring)
MPRegen  0.08/turn              (no ring)

@: confused, hasted, very quick
A: unfitting armour, cold-blooded, AC +5
a: no special abilities


You were on level 5 of the Dungeon.
You visited 1 branch of the dungeon, and saw 1 of its levels.

Inventory:

Wands
 e - a wand of digging (2)
Scrolls
 a - a scroll of fog
 c - a scroll of fear


   Skills:
 + Level 3.6 Fighting
 + Level 2.2 Dodging
 - Level 4.5 Stealth
 * Level 2.9 Unarmed Combat


You had 2 spell levels left.
You didn't know any spells.
Your spell library was empty.

Dungeon Overview and Level Annotations

Branches:
Dungeon (5/15)
 Temple: D:4-7

Altars:
Okawaru
The Shining One


Innate Abilities, Weirdness & Mutations

Your plain brown scales are hard. (AC +5)
You cannot fit into any form of body armour.
You are cold-blooded and may be slowed by cold attacks.


Message History

You hear some strange, mumbled words.
You are confused.
The orc throws a boomerang.
The boomerang completely misses you.
You're too confused to move!
You hear some strange, mumbled words.
You are more confused.
The orc throws a boomerang.
The boomerang hits you.
You miss something. Something hits you but does no damage.
The orc throws a boomerang.
The boomerang barely misses you.
You feel yourself speed up.
You hear some strange, mumbled words.
Something tries to affect you, but you resist.
You miss something. Something hits you.
You bump into the rock wall.
The orc throws a boomerang.
The boomerang closely misses you. Something hits you.
* * * LOW HITPOINT WARNING * * *
You miss something.
The orc throws a boomerang.
The boomerang misses you.
You bump into the rock wall.
Something hits you but does no damage.
You hit something but do no damage. Something hits you!
You die...

,,,,,,,,,,*#............#.#
,,,********#............#.#
,,,,,,,,* ##............+.######*
,*,,,,,,* #.....................,
.*#..)#####.#....[........≈≈≈≈≈.,
.#....##....#..#####'#..≈≈≈≈≈≈≈≈≈
......##....#..# #...≈≈≈≈≈≈≈≈≈≈
......##..#.########..≈≈≈≈≈≈≈≈≈≈≈
......##....#+..@{o...≈≈≈≈≈≈_≈≈≈≈
......##....########..≈≈≈≈≈≈≈≈≈≈≈
......##....#***** #...≈≈≈≈≈≈≈≈≈≈
.>.#+##...#.#..,,* #...≈≈≈≈≈≈≈≈≈,
...#..........#*,* ##..oo≈≈≈≈≈.,,
.#.#..#..#..#.#*,** ####.......,*
......##.#..#...,,* *####.##**
.###..#.#...#,##.,* *,,#
.,....##,#..#,**,.* *,**


You could see an orc.

Vanquished Creatures
  An orc wizard (D:5)
  An adder (D:5)
2 creatures vanquished.

Notes
Turn   | Place    | Note
-------+----------+-------------------------------------------
     0 | D:5      | runemasterragnar the Draconian Delver began the quest for
                  | the Orb.
     0 | D:5      | Reached XP level 1. HP: 19/19 MP: 1/1
    35 | D:5      | Reached XP level 2. HP: 16/26 MP: 2/2
    36 | D:5      | Found a glowing golden altar of the Shining One.
   246 | D:5      | Reached XP level 3. HP: 14/33 MP: 3/3
   256 | D:5      | Slain by an orc wizard

Illustrated notes

Levels and vault maps discovered:
D:5:      layout_basic, okawaru_ov_weapons_minmay, fiery_altar_vehumet,
          minmay_misc_feat_rugged, lemuel_altar_in_water

Skill      XL: |  1 |
---------------+----+-----
Dodging        | 2 |  2.2
Fighting       | |  3.6
Stealth        | |  4.5
Unarmed Combat | |  2.9

Action                   || total
-------------------------++-------
Melee: Unarmed           ||    22
       Tailslap          ||     4
Evoke: Wand              ||     1
  Use: Scroll            ||     1
       Potion            ||     1
Armor: Skin              ||     8
Dodge: Dodged            ||     7

Table legend: (Time is in decaauts)
 A = Elapsed time spent in this place.
 B = Non-inter-level travel time spent in this place.
 C = Inter-level travel time spent in this place.
 D = Time resting spent in this place.
 E = Time spent auto-exploring this place.
 F = Levels seen in this place.
 G = Mean time per level.
                   A        B        C        D        E       F      G
               +--------+--------+--------+--------+--------+-----+--------+
         Total |    253 |    253 |      0 |    177 |      2 |   1 |  253.0 |
       Dungeon |    253 |    253 |      0 |    177 |      2 |   1 |  253.0 |
               +--------+--------+--------+--------+--------+-----+--------+

Top non-repeatable levels by time:
     D:5: 253 daAuts
